 Dungeon Crawl Stone Soup version 0.22-a0-348-gd16d139 (webtiles) character file.

28 Deeps the Chopper (level 3, 0/27 HPs)
             Began as a Demonspawn Gladiator on Apr 8, 2018.
             Slain by a bat (1 damage)
             ... on level 2 of the Dungeon.
             The game lasted 00:03:29 (768 turns).

Deeps the Chopper (Demonspawn Gladiator)             Turns: 768, Time: 00:03:30

Health: 0/27       AC:  3    Str: 15    XL:     3   Next: 0%
Magic:  3/3        EV: 12    Int:  9    God:
Gold:   51         SH:  0    Dex: 14    Spells: 2/2 levels left

rFire    . . .     SeeInvis .   a - +0 war axe
rCold    . . .     Gourm    .   (no shield)
rNeg     . . .     Faith    .   b - +0 leather armour
rPois    +         Spirit   .   (helmet restricted)
rElec    .         Reflect  .   (no cloak)
rCorr    .         Harm     .   (no gloves)
MR       .....                  (no boots)
Stlth    +.........             (no amulet)
HPRegen  0.09/turn              l - ring of poison resistance {rPois, !d}
MPRegen  0.08/turn              (no ring)

@: no status effects
A: antennae 1
a: no special abilities


You were on level 2 of the Dungeon.
You were not hungry.

You visited 1 branch of the dungeon, and saw 2 of its levels.

You collected 51 gold pieces.

Inventory:

Hand Weapons
 a - a +0 war axe (weapon)
Missiles
 d - 3 throwing nets {=f, !d}
Armour
 b - a +0 leather armour (worn)
Jewellery
 l - a ring of poison resistance (left hand) {rPois, !d}
   (You found it on level 1 of the Dungeon)
Scrolls
 e - a scroll of fog {unknown}
 i - a scroll of identify {unknown}
 k - a scroll of teleportation {unknown}
 m - a scroll of enchant weapon {unknown}
Potions
 c - a potion of heal wounds {unknown}
 g - a potion of agility {unknown}
 h - a potion of invisibility {unknown}
 j - a potion of resistance {unknown}
Comestibles
 f - 4 rations {@e1}


   Skills:
 + Level 2.2 Fighting
 + Level 3.5 Axes
 - Level 1.7 Throwing
 + Level 0.5 Armour
 - Level 2.6 Dodging


You had 2 spell levels left.
You didn't know any spells.

Dungeon Overview and Level Annotations

Branches:
Dungeon (2/15)

Altars:


Innate Abilities, Weirdness & Mutations

You have a pair of small antennae on your head.


Message History

There is a stone staircase leading up here.
There are monsters nearby!
There are monsters nearby!
There are monsters nearby!
You hit the worm. The worm closely misses you.
You hit the worm but do no damage. The worm bites you.
You take 6 damage, and have 16/22 hp.
MASSIVE DAMAGE!!
You hit the worm but do no damage. You barely miss the worm. You hit the rat.
You kill the rat!
The worm bites you.
You take 3 damage, and have 13/22 hp.
Unknown command.
You are too injured to fight recklessly!
Unknown command.
You are too injured to fight recklessly!
Unknown command.
You are too injured to fight recklessly!
You are too injured to fight recklessly!
You hit the worm. The worm bites you.
You take 6 damage, and have 7/22 hp.
MASSIVE DAMAGE!!
You slash the worm! The worm bites you but does no damage.
You slash the worm!
You kill the worm!
You see here a worm corpse.
Unknown command.
You now have 51 gold pieces (gained 11).
A kobold comes into view. It is wielding a club.
The kobold shouts!
The kobold throws a stone.
The stone misses you.
Found an escape hatch in the ceiling.
You see here a stone.
The kobold throws a stone.
The stone hits you.
Things that are here:
a stone; a scroll labeled MOHAQEQ MAFIGI You take 1 damage, and have 7/22 hp.
m - a scroll labeled VIGRIMEXIR The kobold throws a stone.
The stone hits you but does no damage.
You see here a stone.
The kobold throws a stone.
The stone hits you but does no damage.
You see here a stone.
The kobold hits you with a club.
* * * LOW HITPOINT WARNING * * *
A bat comes into view.
You take 3 damage, and have 4/22 hp.
You hit the kobold.
You kill the kobold!
The bat closely misses you.
You barely miss the bat. The bat hits you but does no damage.
The bat closely misses you. x2
Found a stone staircase leading down.
Things that are here:
a club; a kobold corpse You hit the bat but do no damage.
The bat closely misses you. The bat hits you but does no damage.
The bat barely misses you.
There is an escape hatch in the ceiling here.
You are too injured to fight recklessly!
You are too injured to fight recklessly!
The bat misses you. The bat hits you but does no damage.
The bat closely misses you. The bat barely misses you.
You barely miss the bat. The bat hits you.
* * * LOW HITPOINT WARNING * * *
A frilled lizard comes into view.
You take 1 damage, and have 4/22 hp.
The bat misses you.
The frilled lizard bites you but does no damage.
The bat hits you.
* * * LOW HITPOINT WARNING * * *
You take 1 damage, and have 3/22 hp.
You barely miss the frilled lizard. You hit the bat.
The bat closely misses you.
The frilled lizard bites you but does no damage.
You hit the frilled lizard but do no damage.
The bat hits you but does no damage. The bat closely misses you.
The frilled lizard misses you. The frilled lizard bites you.
* * * LOW HITPOINT WARNING * * *
You take 2 damage, and have 1/22 hp.
You barely miss the frilled lizard. The bat closely misses you.
The frilled lizard barely misses you. The bat closely misses you.
You hit the frilled lizard.
You kill the frilled lizard!
You have reached level 3!
Your experience leads to an increase in your attributes!
Increase (S)trength, (I)ntelligence, or (D)exterity?
Uppercase letters only, please.
You feel stronger.
You miss the bat. The bat hits you.
* * * LOW HITPOINT WARNING * * *
You take 1 damage, and have 1/27 hp.
MP restored: 3 You miss the bat.
The bat closely misses you. The bat hits you but does no damage.
There is a stone staircase leading down here.
You hit the bat. The bat hits you.
You die...

####### ......
######..##
..#######......b.#
.........<......@..#
#...............#..#
#..######)#.###.#..#
#..## #.#........#
#...#####(#####....#
#.......(.#######..#
###..###(....... ..#
..<.†...(.###### ..#
.###†###.....#


You could see a bat.

Vanquished Creatures
  A worm (D:2)
  A dart slug (D:1)
  2 giant cockroaches (D:1)
  2 goblins (D:1)
  5 hobgoblins (D:1)
  2 bats (D:1)
  2 frilled lizards
  5 kobolds
  3 rats
23 creatures vanquished.

Notes
Turn   | Place    | Note
-------+----------+-------------------------------------------
     0 | D:1      | Deeps the Demonspawn Gladiator began the quest for the Orb.
     0 | D:1      | Reached XP level 1. HP: 16/16 MP: 1/1
    37 | D:1      | Reached skill level 3 in Axes
    41 | D:1      | Gained mutation: You have a pair of small antennae on your head. [demonic ancestry]
    41 | D:1      | Reached XP level 2. HP: 18/22 MP: 2/2
   748 | D:2      | HP: 4/22 [kobold/club (3)]
   759 | D:2      | HP: 4/22 [bat (1)]
   763 | D:2      | HP: 1/22 [frilled lizard (2)]
   765 | D:2      | Reached XP level 3. HP: 2/27 MP: 3/3
   768 | D:2      | Slain by a bat

Vault maps used:
D:1:      nzn_arrival_crosshair

Skill      XL: |  1 |
---------------+----+-----
Axes           | 3 |  3.5
Fighting       | |  2.2
Throwing       | |  1.7
Armour         | |  0.5
Dodging        | |  2.6

Action                   || total
-------------------------++-------
Melee: War axe           ||    67
Armor: Leather armour    ||    33
Dodge: Dodged            ||    74

Table legend:
 A = Spawn XP
 B = Non-spawn XP
 C = Spawn XP percentage of total XP
 D = Spawn monster count
 E = Non-spawn monster count
 F = Spawn count percentage of total count
 G = Total turns spent on level
                    A         B        C        D         E        F      G
               +---------+---------+-------+---------+---------+-------+---------
         Total |       0 |      41 |   0.0 |       0 |      23 |   0.0 |   768
               +---------+---------+-------+---------+---------+-------+---------
           D:1 |       0 |      33 |   0.0 |       0 |      19 |   0.0 |   722
           D:2 |       0 |       8 |   0.0 |       0 |       4 |   0.0 |    46
               +---------+---------+-------+---------+---------+-------+---------

Vault maps used:
D:1:      nzn_arrival_crosshair

Table legend:
 A = Turns spent in this place as a percentage of turns spent in the entire game.
 B = Non-inter-level travel turns spent in this place as a percentage of non-inter-level travel turns spent in the entire game.
 C = Inter-level travel turns spent in this place as a percentage of turns spent in this place.
 D = Turns resting spent in this place as a percentage of non-inter-level travel turns spent in this place.
 E = Turns spent auto-exploring this place as a percentage of non-inter-level travel turns spent in this place.
 F = Non-inter-level travel turns spent in this place divided by the number of levels of this place that you've seen.
                   A       B       C       D       E      F
               +-------+-------+-------+-------+-------+----------------------
         Total | 100.0 | 100.0 |   1.0 |  31.8 |  44.7 | 380.0
       Dungeon | 100.0 | 100.0 |   1.0 |  31.8 |  44.7 | 380.0
               +-------+-------+-------+-------+-------+----------------------

Table legend:
 A = Kills in this place as a percentage of kills in entire the game.
 B = Kills by you in this place as a percentage of kills by you in the entire game.
 C = Kills by friends in this place as a percentage of kills by friends in the entire game.
 D = Other kills in this place as a percentage of other kills in the entire game.
 E = Experience gained in this place as a percentage of experience gained in the entire game.
 F = Experience gained in this place divided by the number of levels of this place that you have seen.
                   A       B       C       D       E      F
               +-------+-------+-------+-------+-------+----------------------
         Total | 100.0 | 100.0 |   N/A |   N/A | 100.0 |  20.5
       Dungeon | 100.0 | 100.0 |   N/A |   N/A | 100.0 |  20.5
               +-------+-------+-------+-------+-------+----------------------
